 Dungeon Crawl Stone Soup version 0.26-a0-652-gafc20e3620 (webtiles) character file.

Game seed: 11615394509108531974

4327 miket3c the Cleaver (level 10, -4/86 HPs)
             Began as a Minotaur Fighter on Oct 1, 2020.
             Was a Believer of Makhleb.
             Killed from afar by a deep elf mage (13 damage)
             ... with a stone arrow
             ... on level 9 of the Dungeon.
             The game lasted 00:22:28 (7902 turns).

miket3c the Cleaver (Minotaur Fighter)              Turns: 7902, Time: 00:22:29

Health: -4/86      AC: 16    Str: 23    XL:     10   Next: 12%
Magic:  9/9        EV:  8    Int:  5    God:    Makhleb [**....]
Gold:   529        SH:  0    Dex: 11    Spells: 9/9 levels left

rFire    . . .     SeeInvis .   J - +0 battleaxe
rCold    . . .     Faith    +   (shield currently unavailable)
rNeg     + . .     Spirit   .   p - +1 chain mail
rPois    .         Reflect  .   (helmet restricted)
rElec    .         Harm     .   l - +0 cloak
rCorr    .         Rampage  .   (no gloves)
MR       .....                  n - +2 pair of boots
Stlth    ..........             s - amulet of faith
HPRegen  0.24/turn              r - ring of positive energy
MPRegen  0.11/turn              (no ring)

@: mighty
A: retaliatory headbutt, horns 2
a: Minor Destruction, Renounce Religion


You were on level 9 of the Dungeon.
You worshipped Makhleb.
Makhleb was pleased with you.
You visited 2 branches of the dungeon, and saw 10 of its levels.

You collected 529 gold pieces.

Inventory:

Hand Weapons
 a - a +0 war axe
 J - a +0 battleaxe (weapon)
Missiles
 g - 270 stones (quivered)
 u - 8 atropa-tipped darts
 B - a poisoned dart
Armour
 b - a +0 scale mail
 c - a +0 kite shield
 l - a +0 cloak (worn)
 n - a +2 pair of boots (worn)
 p - a +1 chain mail (worn)
Jewellery
 k - a cursed amulet of inaccuracy {unknown}
 r - a ring of positive energy (left hand)
 s - an amulet of faith (around neck)
 w - an uncursed amulet of magic regeneration
 y - an uncursed ring of teleportation
Wands
 C - a wand of iceblast (9)
 E - a wand of disintegration (9)
 F - a wand of polymorph (6)
 G - a wand of digging (4)
 L - a wand of acid (6)
Scrolls
 h - a scroll of random uselessness
 j - 2 scrolls of magic mapping
 x - 3 scrolls of identify
 z - a scroll of amnesia {unknown}
 K - 2 scrolls of remove curse
 M - a scroll of enchant armour
Potions
 d - a potion of mutation {unknown}
 e - 4 potions of resistance
 f - a potion of ambrosia {unknown}
 i - a potion of lignification
 m - a potion of cancellation
 o - a potion of brilliance {unknown}
 q - 2 potions of invisibility
 t - a potion of heal wounds
 v - a potion of stabbing {unknown}
 A - 3 potions of degeneration {unknown}
 H - 2 potions of magic {unknown}
 I - 2 potions of haste {unknown}


   Skills:
 + Level 7.5 Fighting
 * Level 14.0 Axes
 + Level 8.3 Armour
 - Level 4.0 Shields


You had 9 spell levels left.
You didn't know any spells.
Your spell library contained the following spells:

 Spells                   Type           Power        Failure   Level
 Beastly Appendage        Tmut           #.....       97%         1
 Poisonous Vapours        Pois/Air       #.....       99%         2
 Wereblood                Tmut           #.......     99%         2
 Confusing Touch          Hex            #.......     100%        3
 Conjure Flame            Conj/Fire      #.......     100%        3
 Gell's Gravitas          Tloc           #.........   100%        3
 Mephitic Cloud           Conj/Pois/Air  #.......     100%        3
 Spider Form              Tmut/Pois      #.........   100%        3
 Cause Fear               Hex            #.........   100%        4
 Ice Form                 Ice/Tmut       #.......     100%        4
 Petrify                  Tmut/Erth      #.......     100%        4
 Blade Hands              Tmut           #.........   100%        5
 Metabolic Englaciation   Hex/Ice        #.........   100%        5
 Silence                  Hex/Air        #.........   100%        5
 Yara's Violent Unravell  Hex/Tmut       #.........   100%        5
 Freezing Cloud           Conj/Ice/Air   #.........   100%        6
 Discord                  Hex            #.........   100%        8


Dungeon Overview and Level Annotations

Branches:
Dungeon (9/15)             Temple (1/1) D:7
   Lair: D:8-11         Orc: D:9-12

Altars:
Dithmenos
Makhleb
Nemelex Xobeh
Okawaru
Wu Jian
Xom
Zin

Shops:
D:4 }   D:9 (

Annotations:
D:8 3 runed translucent doors, Greyr's ghost, novice HaHu; slambob's ghost, novice TrMo


Innate Abilities, Weirdness & Mutations

You reflexively headbutt those who attack you in melee.
You have a pair of horns on your head.


Message History

The deep elf mage points at you and mumbles some strange words.
The stone arrow hits you but does no damage.
The earth elemental hits you!!
* * * LOW HITPOINT WARNING * * *
You feel very mighty all of a sudden. The meliai closely misses you.
You furiously retaliate!
You headbutt the meliai!!
You kill the meliai!
Makhleb accepts your kill.
You feel better.
Your Axes skill increases to level 14!
The deep elf mage barely misses you. You furiously retaliate!
You headbutt the deep elf mage!! The earth elemental hits you!!
* * * LOW HITPOINT WARNING * * *
You slice the earth elemental!!
The earth elemental is almost destroyed.
You hit the earth elemental. You closely miss the deep elf mage.
The deep elf mage gestures at you while chanting.
The stone arrow hits you!
You die...

#+## ### .#
#...###....##..##.
...# ..
##...###....##.....
...# ...
+..................
...+ ...
#...............##'
#..# ....
##....##........##.
#..# .
#..).########†.#..
...# ... ##....#
#..#.. ...#
.....#EEe..# ..#..
...... .....')@...#
..#.. ≈≈≈≈≈≈
≈....#.....# ..##.
≈≈≈≈≈≈ ≈... ##...##
..##. ###### ≈ #
#...# ..##. #....
##. #....# #(.
#...## #.. #####
##. #.


You could see 2 earth elementals and a deep elf mage.

Vanquished Creatures
  A two-headed ogre (D:8)
  A meliai (D:9)
  Grinder (D:3)
  A hippogriff (D:8)
  Eustachio (D:5)
  A sky beast (D:9)
  3 orc warriors
  2 ice beasts (D:8)
  3 ogres
  A black bear (D:8)
  2 bullfrogs
  A big kobold (D:7)
  5 scorpions
  5 wights (D:8)
  6 howler monkeys
  4 hounds
  A jelly (D:5)
  A bullfrog skeleton (D:4)
  A bullfrog zombie (D:5)
  2 centaur skeletons
  A gnoll shaman (D:6)
  4 orc priests
  Crazy Yiuf (D:4)
  3 orc wizards
  9 worker ants
  3 iguanas
  2 hound skeletons
  8 gnolls
  6 adders
  A river rat (D:4)
  A shadow imp (D:8)
  3 white imps
  3 ufetubi
  2 oozes
  2 adder skeletons
  An adder zombie (D:9)
  3 worms
  A dart slug (D:3)
  6 leopard geckos
  31 orcs
  2 ball pythons
  8 giant cockroaches
  8 hobgoblins
  3 jackals (D:3)
  6 quokkas
  8 bats
  5 frilled lizards
  4 goblins
  9 kobolds
  A leopard gecko zombie (D:4)
  A quokka skeleton (D:6)
  8 rats
197 creatures vanquished.

Vanquished Creatures (others)
  An orc wizard (D:9)
  3 withered plants (D:8)
4 creatures vanquished.

Grand Total: 201 creatures vanquished

Notes
Turn   | Place    | Note
-------+----------+-------------------------------------------
     0 | D:1      | miket3c the Minotaur Fighter began the quest for the Orb.
     0 | D:1      | Reached XP level 1. HP: 19/19 MP: 0/0
     2 | D:1      | Noticed a centaur
     3 | D:1      | Noticed a demonspawn
     5 | D:1      | Noticed a troll
     5 | D:1      | Noticed a halfling
     7 | D:1      | Noticed a human
     7 | D:1      | Noticed a draconian
     9 | D:1      | Noticed a demigod
    11 | D:1      | Noticed a merfolk
    11 | D:1      | Noticed an octopode
    13 | D:1      | Noticed a formicid
    13 | D:1      | Noticed an elf
    15 | D:1      | Noticed a vampire
    17 | D:1      | Noticed an ogre
    19 | D:1      | Noticed a spriggan
    19 | D:1      | Noticed a tengu
    21 | D:1      | Noticed a gargoyle
    21 | D:1      | Noticed a minotaur
    23 | D:1      | Noticed a ghoul
    25 | D:1      | Noticed a naga
    25 | D:1      | Noticed a felid
    27 | D:1      | Noticed a vine stalker
    27 | D:1      | Noticed a dwarf
   227 | D:1      | Reached XP level 2. HP: 27/27 MP: 1/1
   486 | D:1      | Reached skill level 3 in Axes
   651 | D:2      | Reached XP level 3. HP: 33/33 MP: 2/2
   752 | D:2      | You fall into a shaft and drop 1 floor!
  1224 | D:3      | Reached skill level 4 in Axes
  1224 | D:3      | Reached XP level 4. HP: 40/40 MP: 3/3
  1261 | D:3      | Noticed Grinder
  1280 | D:3      | Paralysed by Grinder for 5 turns
  1287 | D:3      | Killed Grinder
  1287 | D:3      | Reached skill level 6 in Axes
  1287 | D:3      | Reached XP level 5. HP: 25/47 MP: 4/4
  1287 | D:3      | Reached XP level 6. HP: 29/53 MP: 5/5
  1778 | D:4      | Reached skill level 7 in Axes
  1900 | D:4      | Reached skill level 5 in Armour
  2004 | D:4      | Found a glowing drain.
  2074 | D:4      | Reached XP level 7. HP: 52/60 MP: 6/6
  2121 | D:4      | Found a runed translucent door.
  2122 | D:4      | Noticed Crazy Yiuf
  2210 | D:4      | Reached skill level 8 in Axes
  2225 | D:4      | Found Mucap's Gadget Emporium.
  2428 | D:4      | Killed Crazy Yiuf
  2454 | D:5      | Entered Level 5 of the Dungeon
  2470 | D:5      | Noticed Eustachio
  2486 | D:5      | Killed Eustachio
  2486 | D:5      | Reached skill level 5 in Fighting
  2522 | D:5      | Reached skill level 9 in Axes
  2943 | D:5      | Reached XP level 8. HP: 65/68 MP: 7/7
  3534 | D:6      | Reached skill level 10 in Axes
  4169 | D:7      | Found an ornate altar of the Wu Jian Council.
  4272 | D:7      | Found a staircase to the Ecumenical Temple.
  4390 | Temple   | Entered the Ecumenical Temple
  4395 | Temple   | Became a worshipper of Makhleb the Destroyer
  4828 | D:7      | Found a burning altar of Makhleb.
  4834 | D:7      | Reached skill level 11 in Axes
  5232 | D:8      | Noticed a hippogriff
  5236 | D:8      | Killed a hippogriff
  5236 | D:8      | Reached XP level 9. HP: 64/75 MP: 8/8
  5319 | D:8      | You fall into a shaft and drop 1 floor!
  5446 | D:8      | Reached * piety under Makhleb
  5462 | D:8      | Noticed a two-headed ogre
  5473 | D:8      | Killed a two-headed ogre
  5473 | D:8      | Reached skill level 12 in Axes
  5789 | D:8      | Found a runed translucent gate.
  5789 | D:8      | Found a runed translucent gate.
  5789 | D:8      | Noticed slambob's ghost (novice TrMo)
  5790 | D:8      | Found a runed translucent gate.
  5790 | D:8      | Noticed Greyr's ghost (novice HaHu)
  5930 | D:8      | Reached skill level 13 in Axes
  6523 | D:9      | Found Gunia's Weapon Boutique.
  6548 | D:9      | Reached ** piety under Makhleb
  7505 | D:9      | Reached XP level 10. HP: 86/86 MP: 9/9
  7662 | D:9      | Noticed a deep elf mage
  7901 | D:9      | Reached skill level 14 in Axes
  7902 | D:9      | Killed from afar by a deep elf mage

Illustrated notes

Levels and vault maps discovered:
D:1:      kb_arrival_jail, layout_rooms
D:2:      kennysheep_the_goblin_king, layout_loops_ring
D:3:      layout_loops_cross, uniq_grinder
D:4:      layout_rooms, gup_sewer_entry_bubbles, serial_shops, kennysheep_mini,
          uniq_crazy_yiuf_cottage
D:5:      layout_basic, hangedman_decor_diamond_cutter, uniq_eustachio
D:6:      layout_loops_cross, solitary_fountain
D:7:      layout_basic, lemuel_crystal_altar, temple_doors_cd,
          minmay_crystal_room, hangedman_abyss_or_decor_stabs,
          skrybe_limestone_x, lemuel_altar_in_water2
D:8:      layout_loops_ring, gammafunk_ghost_cemetery
D:9:      layout_gridville, erik_orc_2, serial_shops, shop, grunt_decor_clamped,
          grunt_tough_drop
Temple:   nicolae_temple_the_god_donut

Skill      XL: |  1  2  3  4  5  6  7  8  9 10 |
---------------+-------------------------------+-----
Fighting       | 4 5 6 7 |  7.5
Armour         | 4 5 6 8 |  8.3
Shields        | 4 |  4.0
Axes           | 3 4 6 7 9 11 13 14 | 14.0

Action                   |  1- 3 |  4- 6 |  7- 9 | 10-12 || total
-------------------------+-------+-------+-------+-------++-------
Melee: War axe           |    88 |    81 |   319 |       ||   488
       Headbutt          |     8 |     8 |    74 |     5 ||    95
       Battleaxe         |       |       |    29 |    36 ||    65
Throw: Dart              |       |     3 |     2 |       ||     5
       Stone             |       |     1 |    35 |       ||    36
  Use: Scroll            |       |       |     9 |       ||     9
       Potion            |       |       |     3 |     4 ||     7
Armor: Scale mail        |    26 |       |       |       ||    26
       Chain mail        |    11 |    37 |   163 |    37 ||   248
Dodge: Dodged            |    29 |    13 |    70 |    19 ||   131
Block: Kite shield       |    46 |    35 |   134 |       ||   215

Table legend: (Time is in decaauts)
 A = Elapsed time spent in this place.
 B = Non-inter-level travel time spent in this place.
 C = Inter-level travel time spent in this place.
 D = Time resting spent in this place.
 E = Time spent auto-exploring this place.
 F = Levels seen in this place.
 G = Mean time per level.
                   A        B        C        D        E       F      G
               +--------+--------+--------+--------+--------+-----+--------+
         Total |   7997 |   7698 |    299 |   2003 |   3992 |  10 |  799.7 |
       Dungeon |   7986 |   7687 |    299 |   2003 |   3992 |   9 |  887.3 |
        Temple |     10 |     10 |      0 |      0 |      0 |   1 |   10.0 |
               +--------+--------+--------+--------+--------+-----+--------+

Top non-repeatable levels by time:
     D:9: 1458 daAuts
     D:8: 1430 daAuts
     D:5: 918 daAuts
     D:3: 898 daAuts
     D:4: 860 daAuts
     D:7: 839 daAuts
     D:6: 806 daAuts
     D:1: 654 daAuts
     D:2: 120 daAuts
  Temple: 10 daAuts
